 Dungeon Crawl Stone Soup version 0.29-a0-664-gff9cad4a3d (webtiles) character file.

Game seed: 13317392832065011479

288 Gus979 the Grave Robber (level 6, -7/41 HPs)
             Began as a Demonspawn Necromancer on June 22, 2022.
             Mangled by an ogre
             ... wielding a +0 giant club
              (32 damage)
             ... on level 4 of the Dungeon.
             The game lasted 00:14:02 (3863 turns).

Gus979 the Grave Robber (Demonspawn Necromancer)    Turns: 3863, Time: 00:14:03

Health: -7/41      AC:  6    Str:  9    XL:     6   Next: 9%
Magic:  1/12       EV: 11    Int: 18    God:
Gold:   149        SH:  4    Dex: 13    Spells: 5/13 levels left

rFire   . . .      SeeInvis .   k - +0 spear
rCold   + . .      Faith    .   (no shield)
rNeg    + . .      Spirit   .   g - +2 leather armour {rN+}
rPois   .          Reflect  .   (no helmet)
rElec   .          Harm     .   (no cloak)
rCorr   .          Rampage  .   (no gloves)
Will    +....                   j - +0 pair of boots
Stlth   ++........              (no amulet)
HPRegen 0.13/turn               n - ring of willpower
MPRegen 0.13/turn               m - ring of protection from cold

@: no status effects
A: condensation shield, demonic touch 1
a: no special abilities


You were on level 4 of the Dungeon.
You visited 1 branch of the dungeon, and saw 4 of its levels.

You collected 207 gold pieces.
You spent 58 gold pieces at shops.

Inventory:

Hand Weapons
 k - a +0 spear (weapon)
Missiles
 h - 15 poisoned darts (quivered)
 l - 2 javelins
Armour
 g - a +2 leather armour of positive energy (worn)
 j - a +0 pair of boots (worn)
 t - a +0 ring mail
Jewellery
 m - a ring of protection from cold (right hand)
 n - a ring of willpower (left hand)
Scrolls
 a - a scroll of brand weapon {unknown}
 c - a scroll of amnesia {unknown}
 f - 6 scrolls of identify {unknown}
 i - 2 scrolls of vulnerability {unknown}
 o - a scroll of noise {unknown}
 q - 2 scrolls of fear {unknown}
 v - a scroll of silence {unknown}
 w - a scroll of summoning {unknown}
 x - a scroll of magic mapping {unknown}
Potions
 b - 2 potions of magic
 d - 3 potions of heal wounds
 e - 3 potions of brilliance {unknown}
 p - a potion of lignification {unknown}
 r - a potion of flight {unknown}
 s - a potion of invisibility {unknown}
 u - a potion of haste {unknown}
 z - a potion of berserk rage {unknown}


   Skills:
 - Level 1.8 Dodging
 - Level 1.8 Stealth
 - Level 4.0 Spellcasting
 + Level 6.8 Necromancy


You had 5 spell levels left.
You knew the following spells:

 Your Spells              Type           Power      Damage    Failure   Level
a - Necrotize             Necr           100%       1d9       1%          1
b - Vampiric Draining     Necr           28%        2d8       3%          3
c - Animate Dead          Necr           28%        N/A       12%         4

Your spell library contained the following spells:

 Spells                   Type           Power      Damage    Failure   Level
 Agony                    Necr           28%        N/A       34%         5
 Confusing Touch          Hex            3%         N/A       52%         3
 Dazzling Flash           Conj/Hex       6%         N/A       52%         3
 Iskenderun's Mystic Bla  Conj/Tloc      3%         2d3       90%         4
 Yara's Violent Unravell  Hex/Tmut       1%         3d3       99%         5
 Starburst                Conj/Fire      1%         6d3       100%        6
 Enfeeble                 Hex            1%         N/A       100%        7


Dungeon Overview and Level Annotations

Branches:
Dungeon (4/15)
 Temple: D:4-7

Altars:

Shops:
D:1 [


Innate Abilities, Weirdness & Mutations

A meltable shield of frost defends you. (SH +4)
Your touch may inflict minor irresistible damage on your foes.


Message History

Press: ? - help, Shift-Dir - straight line, f/p - ogre
Aim: an ogre, wielding a +0 giant club (moderately wounded, chance to affect: 83%)
The ogre barely resists.
Casting: Necrotize (safe; 1% risk of failure)
Confirm with . or Enter, or press ? or * to list all spells.
Aiming: Vampiric Draining (dangerous; 3% risk of failure)
Press: ? - help, Shift-Dir - straight line, f/p - ogre
Aim: an ogre, wielding a +0 giant club (moderately wounded)
You draw life force from the ogre!
The ogre barely misses you.
You hit the ogre.
The ogre is severely wounded.
An orc comes into view. It is wielding a +0 whip.
The ogre barely misses you.
You hit the ogre but do no damage.
The ogre is severely wounded.
The orc wizard points at you and mumbles some strange words.
The magic dart hits you.
An orc comes into view. It is wielding a +0 dagger.
An orc priest comes into view. It is wielding a +0 whip.
The ogre hits you with a +0 giant club!
Casting: Vampiric Draining (dangerous; 3% risk of failure)
Confirm with . or Enter, or press ? or * to list all spells.
Aiming: Vampiric Draining (dangerous; 3% risk of failure)
Press: ? - help, Shift-Dir - straight line, f/p - ogre
Aim: an ogre, wielding a +0 giant club (severely wounded)
You draw life force from the ogre.
You feel life coursing into your body.
The orc shouts!
The orc priest shouts!
The orc wizard hits you but does no damage.
Casting: Vampiric Draining (dangerous; 3% risk of failure)
Confirm with . or Enter, or press ? or * to list all spells.
Aiming: Vampiric Draining (dangerous; 3% risk of failure)
Press: ? - help, Shift-Dir - straight line, f/p - ogre
Aim: an ogre, wielding a +0 giant club (almost dead)
You draw life force from the ogre.
You feel life coursing into your body. The ogre misses you.
The orc wizard hits you with a +0 dagger.
The ogre attacks as you move away!
The ogre hits you with a +0 giant club!!
Ouch! That really hurt!
You die...

.# .....#
##...###
#.....#
#...##
.......#
##...###
#.#......
###...###
#.#<.....
###...#
#####)#..#
#.....####
#....†####
#....@..?#
#.?....Oo..#
##.........#
#.#...o...#
...#.......#
.. ....oo..#
#......$.#
#........#


You could see an ogre, an orc priest, an orc wizard and 2 orcs.

Vanquished Creatures
  A scorpion (D:4)
  A hound (D:4)
  7 adders
  3 gnolls (D:2)
  4 dart slugs
  8 orcs
  6 ball pythons
  8 bats
  5 endoplasms
  A giant cockroach (D:1)
  6 goblins
  8 hobgoblins
  5 jackals
  5 quokkas
  2 frilled lizards (D:1)
  8 kobolds
  5 rats
83 creatures vanquished.

Vanquished Creatures (collateral kills)
  An endoplasm (D:1)
  2 goblins
  A jackal (D:3)
  A quokka (D:1)
  A ball python (D:2)
  A rat (D:2)
7 creatures vanquished.

Grand Total: 90 creatures vanquished

Notes
Turn   | Place    | Note
-------+----------+-------------------------------------------
     0 | D:1      | Gus979 the Demonspawn Necromancer began the quest for the
                  | Orb.
     0 | D:1      | Reached XP level 1. HP: 13/13 MP: 3/3
   635 | D:1      | Gained mutation: A meltable shield of frost defends you.
                  | (SH +4) [demonic ancestry]
   635 | D:1      | Reached XP level 2. HP: 12/19 MP: 0/5
  1073 | D:1      | Found a faded altar of an unknown god.
  1123 | D:1      | Reached XP level 3. HP: 15/24 MP: 0/7
  1304 | D:1      | Reached skill level 5 in Necromancy
  1407 | D:1      | Found Tuetinn's Armour Emporium.
  1426 | D:1      | Bought a +0 pair of boots for 58 gold pieces
  1542 | D:1      | Learned a level 3 spell: Vampiric Draining
  1592 | D:2      | Reached XP level 4. HP: 17/30 MP: 0/8
  2561 | D:3      | Learned a level 4 spell: Animate Dead
  2754 | D:3      | Reached XP level 5. HP: 34/35 MP: 1/10
  3407 | D:3      | Reached skill level 6 in Necromancy
  3741 | D:4      | Gained mutation: Your touch may inflict minor irresistible
                  | damage on your foes. [demonic ancestry]
  3741 | D:4      | Reached XP level 6. HP: 37/41 MP: 6/12
  3863 | D:4      | Mangled by an ogre

Illustrated notes

Levels and vault maps discovered:
D:1:      heliophobic_arrival_ceremonial_halls, layout_basic, serial_shops,
          shop_fountains, hellmonk_ecumenical_altar_leap_of_faith
D:2:      layout_basic
D:3:      layout_basic, hangedman_decor_lopped
D:4:      layout_basic, grunt_gozag_breadcrumbs, serial_curves, eino_curves_03,
          eino_curves_03, grunt_ministairs_3, uniq_sigmund

Skill      XL: |  1  2  3  4  5 |
---------------+----------------+-----
Necromancy     | 5 6 |  6.8
Spellcasting   | 3 4 |  4.0
Dodging        | |  1.8
Stealth        | |  1.8

Action                   |  1- 3 |  4- 6 || total
-------------------------+-------+-------++-------
Melee: Unarmed           |    21 |       ||    21
       Dagger            |    30 |       ||    30
       Spear             |       |    46 ||    46
       Touch             |       |     1 ||     1
Throw: Dart              |       |     2 ||     2
 Cast: Necrotize         |    45 |    87 ||   132
       Vampiric Draining |       |     3 ||     3
 Stab: Sleeping          |     2 |       ||     2
Armor: Robe              |     8 |       ||     8
       Leather armour    |     8 |    19 ||    27
Dodge: Dodged            |    31 |    29 ||    60
Block: Other             |    12 |    15 ||    27

Table legend: (Time is in decaauts)
 A = Elapsed time spent in this place.
 B = Non-inter-level travel time spent in this place.
 C = Inter-level travel time spent in this place.
 D = Time resting spent in this place.
 E = Time spent auto-exploring this place.
 F = Levels seen in this place.
 G = Mean time per level.
                   A        B        C        D        E       F      G
               +--------+--------+--------+--------+--------+-----+--------+
         Total |   3865 |   3793 |     72 |    603 |   2585 |   4 |  966.2 |
       Dungeon |   3865 |   3793 |     72 |    603 |   2585 |   4 |  966.2 |
               +--------+--------+--------+--------+--------+-----+--------+

Top non-repeatable levels by time:
     D:1: 1568 daAuts
     D:2: 974 daAuts
     D:3: 956 daAuts
     D:4: 366 daAuts
